Map: [ESL] Oceanborn

Players

Stats - Winner!

  • Race: Protoss Protoss
  • Spawn Location: 5:00

Creator

  • Race: Protoss Protoss
  • Spawn Location: 11:00

Event: ESL Spring 2024 Finals

VOD

Have the link to the VOD?

Description

Time

  • Played on: June 1, 2024, 10:46 a.m.
  • Length: 11:13

All games in this series

Show
View Real Time Build Order
Export as new Build Order

Stats Protoss - Winner!

Build Orders: Oracle Opening, Phoenix Opening, Blink Stalkers, Zealot Archon 

Get SALT Encoding   

  12  0:00  Probe  
  13  0:12  Probe  
  14  0:17  Pylon  
  14  0:24  Probe (Chrono Boost)  
  15  0:36  Gateway, Probe (Chrono Boost)  
  16  0:44  Probe (Chrono Boost)  
  16  0:46  Assimilator  
  17  0:51  Probe  
  17  0:53  Assimilator  
  18  1:03  Probe (Chrono Boost)  
  19  1:07  Gateway  
  19  1:14  Probe (Chrono Boost)  
  20  1:18  Probe (Chrono Boost)  
  20  1:24  Cybernetics Core  
  21  1:29  Probe  
  22  1:36  Pylon  
  22  1:41  Probe  
  23  1:54  Probe  
  24  2:03  Stalker  
  24  2:04  Warp Gate  
  24  2:05  Sentry  
  28  2:24  Nexus  
  28  2:25  Probe  
  28  2:29  Sentry  
  30  2:31  Oracle  
  30  2:36  Pylon  
  30  2:39  Probe  
  31  2:53  Twilight Council  
  31  2:54  Probe (Chrono Boost)  
  32  3:01  Pylon  
  32  3:04  Probe (Chrono Boost)  
  33  3:09  Probe (Chrono Boost)  
  34  3:21  Probe (Chrono Boost)  
  35  3:32  Blink, Probe (Chrono Boost)  
  36  3:35  Phoenix  
  36  3:38  Probe (Chrono Boost)  
  38  3:41  Probe (Chrono Boost)  
  38  3:45  Probe (Chrono Boost)  
  40  3:49  Probe (Chrono Boost)  
  40  3:50  Probe (Chrono Boost)  
  40  3:51  Stalker, Sentry  
  45  3:57  Pylon  
  45  3:59  Probe  
  46  4:03  Probe  
  47  4:11  Probe  
  47  4:12  Nexus  
  47  4:15  Probe  
  49  4:17  Pylon  
  49  4:24  Forge  
  49  4:25  Probe  
  49  4:27  Probe  
  49  4:28  Phoenix  
  49  4:29  Assimilator  
  51  4:31  Robotics Facility  
  51  4:37  Probe  
  52  4:39  Probe (Chrono Boost)  
  53  4:46  Gateway  
  53  4:47  Gateway  
  53  4:49  Probe (Chrono Boost)  
  53  4:51  Probe (Chrono Boost), Protoss Ground Weapons Level 1 (Chrono Boost)  
  55  4:59  Shield Battery, Probe (Chrono Boost)  
  57  5:00  Probe (Chrono Boost)  
  57  5:04  Probe (Chrono Boost)  
  57  5:05  Probe  
  58  5:10  Stalker x2  
  63  5:15  Probe  
  63  5:18  Observer, Probe (Chrono Boost)  
  66  5:23  Gateway  
  66  5:24  Gateway  
  66  5:26  Gateway  
  66  5:27  Probe (Chrono Boost)  
  67  5:34  Gateway, Probe (Chrono Boost)  
  68  5:37  Probe (Chrono Boost)  
  68  5:39  Probe (Chrono Boost)  
  68  5:41  Charge, Probe (Chrono Boost)  
  71  5:42  Observer (Chrono Boost)  
  71  5:43  Probe  
  71  5:48  Templar Archives  
  73  5:51  Shield Battery  
  73  5:52  Pylon  
  73  5:56  Phoenix, Probe  
  74  5:57  Pylon  
  74  5:58  Immortal (Chrono Boost)  
  78  6:08  Stalker  
  78  6:09  Stalker x2  
  84  6:24  Nexus  
  84  6:27  Pylon  
  84  6:30  Immortal  
  84  6:31  Pylon  
  88  6:38  Pylon  
  88  6:45  Protoss Ground Weapons Level 2 (Chrono Boost)  
  88  6:46  Zealot x7  
  88  6:47  Zealot  
  104  6:57  Shield Battery  
  104  6:58  Shield Battery  
  104  7:13  Zealot x3  
  110  7:19  High Templar  
  110  7:20  Zealot, High Templar  
  116  7:25  Pylon  
  116  7:26  Archon  
  116  7:28  Pylon  
  114  7:30  Pylon  
  114  7:35  Zealot x2  
  116  7:39  Pylon  
  116  7:41  Pylon  
  116  7:43  Gateway  
  116  7:45  Gateway  
  116  7:59  Stalker x3  
  116  8:02  Nexus, Pylon  
  116  8:05  Zealot x5  
  132  8:06  Warp Prism (Chrono Boost)  
  132  8:08  Pylon  
  134  8:24  High Templar x2  
  134  8:25  Zealot x6  
  150  8:30  Archon  
  150  8:34  Shield Battery  
  150  8:36  Observer, Photon Cannon  
  150  8:37  Shield Battery  
  150  8:40  Zealot x2  
  154  8:48  Zealot x2, High Templar x2  
  158  8:49  Zealot  
  158  8:53  Archon  
  164  8:59  Pylon  
  164  9:01  Pylon  
  164  9:06  Photon Cannon  
  158  9:12  Zealot x4  
  158  9:13  Zealot x4  
  142  9:22  Zealot x2  
  126  9:30  Probe x4  
  130  9:32  Photon Cannon  
  130  9:33  High Templar  
  130  9:34  Zealot x6, High Templar  
  130  9:38  Archon  
  146  9:43  Zealot x2  
  150  9:50  Zealot x2  
  138  10:08  Zealot x6  
  138  10:10  Zealot  
  138  10:11  Zealot x3  
  154  10:26  Gateway  
  154  10:27  Gateway  
  152  10:32  Zealot x9  
  152  10:33  Zealot  
  132  10:51  Zealot x8  
  132  10:53  Zealot x2  
Show
View Real Time Build Order
Export as new Build Order

Creator Protoss 

Build Orders: Blink Stalkers 

Get SALT Encoding   

  12  0:00  Probe  
  13  0:12  Probe  
  14  0:17  Pylon  
  14  0:24  Probe (Chrono Boost)  
  15  0:36  Gateway  
  15  0:37  Probe (Chrono Boost)  
  16  0:43  Probe (Chrono Boost)  
  16  0:45  Assimilator  
  17  0:51  Probe  
  18  0:58  Assimilator  
  18  1:03  Probe (Chrono Boost)  
  19  1:05  Pylon  
  19  1:13  Probe (Chrono Boost)  
  19  1:18  Probe (Chrono Boost)  
  20  1:23  Cybernetics Core  
  21  1:29  Zealot, Probe  
  24  1:41  Probe  
  25  1:53  Probe  
  26  1:59  Sentry (Chrono Boost), Warp Gate  
  28  2:12  Nexus  
  28  2:15  Pylon  
  28  2:19  Sentry (Chrono Boost)  
  30  2:24  Probe  
  31  2:35  Shield Battery, Sentry  
  33  2:38  Probe  
  34  2:50  Probe  
  35  2:59  Gateway  
  35  3:02  Probe  
  36  3:11  Twilight Council  
  36  3:14  Probe  
  37  3:24  Probe (Chrono Boost)  
  39  3:32  Probe (Chrono Boost)  
  40  3:35  Probe (Chrono Boost)  
  40  3:39  Probe (Chrono Boost)  
  40  3:40  Probe (Chrono Boost)  
  41  3:47  Stalker, Blink (Chrono Boost)  
  44  3:51  Probe (Chrono Boost)  
  44  3:54  Forge  
  44  3:55  Probe (Chrono Boost)  
  46  3:58  Pylon  
  46  4:01  Probe (Chrono Boost)  
  48  4:04  Probe (Chrono Boost)  
  48  4:06  Probe (Chrono Boost)  
  49  4:13  Nexus  
  49  4:14  Probe  
  50  4:17  Probe  
  50  4:21  Phoenix  
  51  4:24  Robotics Facility  
  51  4:26  Probe  
  51  4:27  Protoss Ground Weapons Level 1  
  51  4:30  Probe  
  53  4:33  Assimilator  
  53  4:36  Stalker x2  
  57  4:39  Pylon  
  57  4:42  Probe x2  
  59  4:51  Gateway  
  59  4:53  Gateway  
  59  4:54  Probe (Chrono Boost)  
  59  4:55  Probe (Chrono Boost)  
  59  4:58  Shield Battery  
  61  5:06  Stalker  
  61  5:07  Probe x2 (Chrono Boost)  
  65  5:12  Observer, Probe x2 (Chrono Boost)  
  68  5:14  Pylon  
  68  5:22  Probe  
  68  5:23  Probe  
  68  5:26  Probe  
  71  5:30  Gateway  
  71  5:31  Gateway  
  71  5:34  Warp Prism (Chrono Boost)  
  71  5:39  Stalker  
  75  5:42  Charge (Chrono Boost)  
  75  5:43  Gateway  
  75  5:45  Stalker  
  75  5:48  Gateway  
  77  5:55  Stalker x2  
  81  5:58  Pylon  
  81  6:00  Pylon  
  81  6:03  Stalker  
  83  6:08  Warp Prism  
  85  6:13  Pylon  
  85  6:22  Zealot x3, Protoss Ground Weapons Level 2 (Chrono Boost)  
  91  6:26  Zealot  
  91  6:31  Pylon  
  94  6:32  Pylon  
  94  6:33  Stalker x2  
  97  6:44  Zealot  
  97  6:45  Zealot x3  
  105  6:48  Stalker  
  105  6:49  Zealot  
  109  6:57  Zealot x2  
  113  7:06  Zealot x3  
  119  7:18  Zealot x2  
  119  7:19  Zealot x2  
  127  7:22  Pylon  
  127  7:23  Stalker, Pylon x2  
  128  7:31  Zealot  
  128  7:32  Zealot  
  128  7:35  Nexus  
  132  7:37  Pylon  
  132  7:38  Probe  
  132  7:40  Probe x2  
  135  7:47  Pylon  
  135  7:50  Templar Archives  
  135  7:52  Zealot x3  
  141  8:04  Probe x2  
  141  8:05  Probe  
  144  8:11  Shield Battery, Photon Cannon  
  144  8:15  Observer  
  145  8:20  Gateway  
  145  8:23  Gateway  
  145  8:26  High Templar x4  
  151  8:27  Zealot x4  
  151  8:31  Archon x2  
  159  8:35  Pylon  
  159  8:37  Pylon  
  157  8:47  Zealot, High Templar x2  
  157  8:48  Zealot  
  165  8:49  Pylon  
  165  8:52  Archon  
  165  9:01  Zealot x3  
  165  9:02  Zealot  
  167  9:14  Zealot x2  
  126  9:19  Zealot x2  
  96  9:29  Stalker x4  
  96  9:30  Stalker, Zealot  
  102  9:36  Stalker x2  
  106  9:42  Zealot x2  
  110  9:47  Shield Battery  
  110  9:49  Pylon  
  110  9:50  Stalker x3  
  116  9:55  Zealot x3  
  116  10:02  Zealot x2  
  116  10:03  Zealot  
  116  10:04  Zealot  
  116  10:06  Zealot  
  124  10:10  Stalker x3  
  124  10:11  Zealot  
  126  10:18  Stalker  
  126  10:20  Shield Battery  
  128  10:25  Zealot x4  
  136  10:32  Zealot x2  
  136  10:35  Zealot x3  
  112  10:43  Zealot  
  74  10:54  Stalker x5  
  74  10:56  Stalker x2  
  66  10:58  Zealot  
  66  11:03  Zealot  
Tags
 
Add a new tag
Caveats
  • Supply blocks, unpowered buildings, or Contaminate may cause inaccurate times.
  • Supply counts are checked every 10 seconds.